AoeStats
← Vasqueziano

Migration

507010759Analyzed
1v1 RM · 17d ago on Sep 16, 2026· 43m 44s· 2 players
Game mode
Random Map
Map size
132×132
Population
200
Speed
Normal
Resources
Standard
Victory
Conquest
Starting age
Dark Age
Ending age
Imperial Age
RankedLock teamsTeams togetherTeam positionsShared explorationLock speedFull tech treeHidden civsTurbo modeCheats
Victory
Defeat
🇺🇸 Japanese · United States
934
+15
🇲🇽 Koreans · Mexico
910
-15
Vasqueziano
0:42 Loom
10:25 Feudal Age
11:08 Double-Bit Axe
11:19 Fishing Lines
13:00 Town Watch
15:08 Wheelbarrow
26:17 Castle Age
30:10 Hand Cart
31:53 Fletching
33:17 Gillnets
33:54 Husbandry
34:23 Elite Skirmisher
37:12 Bodkin Arrow
38:47 Fervor
38:58 Murder Holes
39:24 Ballistics
39:25 Horse Collar
39:58 Forging
39:48 Scale Mail Armor
40:03 Bow Saw
44:46 Imperial Age
grahamkwaj
4:59 Loom
12:05 Feudal Age
12:54 Man-at-Arms
14:46 Forging
14:36 Scale Mail Armor
15:10 Double-Bit Axe
25:43 Castle Age
27:39 Squires
26:59 Long Swordsman
28:49 Pikeman
30:44 Wheelbarrow
30:03 Gold Mining
30:04 Stone Mining
30:04 Gambesons
30:33 Town Watch
32:26 Town Patrol
32:47 Bow Saw
34:11 Hand Cart
38:28 Imperial Age
38:32 Fishing Lines
39:40 Gillnets
39:58 Fletching
41:36 Two-Man Saw
40:41 Halberdier
42:35 Conscription
42:35 Medium Warships
43:14 Chain Mail Armor
43:34 Iron Casting
Connection lost

Rejoining the realm…

Still unreachable

The connection could not be restored.

Session expired

The server has moved on; the page needs a fresh start.